 Dungeon Crawl Stone Soup version 0.31-a0-986-g5e6e4ef867 (webtiles) character file.

Game seed: 13910733375365208681

1555 mandarbmax the Thrower (level 9, -4/65 HPs)
             Began as a Human Gladiator on Nov 13, 2023.
             Killed from afar by a steam dragon (20 damage)
             ... with a ball of steam
             ... on level 6 of the Dungeon.
             The game lasted 00:16:59 (6482 turns).

mandarbmax the Thrower (Human Gladiator)            Turns: 6482, Time: 00:17:00

Health: -4/65      AC: 17    Str: 24    XL:     9   Next: 12%
Magic:  9/9        EV:  8    Int:  9    God:
Gold:   313        SH:  0    Dex: 15    Spells: 8/8 levels left

rFire   . . .        a - +0 quarterstaff
rCold   . . .        (shield currently unavailable)
rNeg    . . .        A - +3 plate armour
rPois   .            c - +0 helmet
rElec   .            (no cloak)
rCorr   +            g - +0 pair of gloves
SInv    .            (no boots)
Will    .....        (no amulet) Stlth
                     k - +6 ring of strength
HPRegen 0.30/turn    j - ring of resist corrosion
MPRegen 0.11/turn

%: no passive effects
@: no status effects
A: no striking features
a: no special abilities


You were on level 6 of the Dungeon.
You visited 1 branch of the dungeon, and saw 6 of its levels.

You collected 651 gold pieces.
You spent 338 gold pieces at shops.

Inventory:

Hand Weapons
 a - a +0 quarterstaff (weapon)
Missiles
 d - 3 throwing nets
 e - a javelin
 s - a boomerang
Armour
 c - a +0 helmet (worn)
 g - a +0 pair of gloves (worn)
 A - a +3 plate armour (worn)
Jewellery
 j - a ring of resist corrosion (right hand)
 k - a +6 ring of strength (left hand)
 u - a ring of positive energy
Wands
 y - a wand of light (5)
 F - a wand of charming (5)
Scrolls
 l - a scroll of fear {unknown}
 n - 3 scrolls of teleportation
 p - a scroll of blinking
 t - a scroll of vulnerability {unknown}
 w - a scroll of fog {unknown}
 x - a scroll of enchant weapon {unknown}
 z - a scroll of brand weapon {unknown}
 B - a scroll of revelation
 G - a scroll of amnesia {unknown}
 I - a scroll of noise {unknown}
 J - a scroll of butterflies {unknown}
 K - a scroll of identify
Potions
 b - a potion of might {unknown}
 f - a potion of brilliance {unknown}
 i - a potion of enlightenment
 m - 3 potions of curing
 o - 2 potions of lignification {unknown}
 q - a potion of attraction
 r - a potion of ambrosia
 v - 3 potions of heal wounds
 C - a potion of invisibility
 D - a potion of berserk rage
 E - a potion of mutation
 H - a potion of cancellation {unknown}


   Skills:
 + Level 4.0 Fighting
 - Level 3.0 Staves
 - Level 9.0 Throwing
 + Level 5.0 Armour
 - Level 3.0 Dodging
 + Level 0.0 Evocations


You had 8 spell levels left.
You didn't know any spells.
Your spell library contained the following spells:

 Spells                   Type           Power      Damage    Failure   Level
 Apportation              Tloc           0%         N/A       99%         1
 Necrotise                Necr           0%         1d4       99%         1
 Summon Small Mammal      Summ           0%         N/A       99%         1
 Volatile Blastmotes      Fire/Tloc      0%         2d10      100%        3
 Fulminant Prism          Conj/Hex       0%         3d5       100%        4
 Iskenderun's Mystic Bla  Conj/Tloc      0%         2d3       100%        4
 Iskenderun's Battlesphe  Conj           0%         2d6       100%        5
 Summon Forest            Summ/Tloc      0%         N/A       100%        5
 Bombard                  Conj/Erth      0%         9d1       100%        6
 Eringya's Noxious Bog    Tmut/Pois      0%         4d6       100%        6
 Spellforged Servitor     Conj/Summ      0%         N/A       100%        7
 Summon Hydra             Summ           0%         N/A       100%        7


Dungeon Overview and Level Annotations

Branches:
Dungeon (6/15)
 Temple: D:4-7

Altars:
Fedhas
Kikubaaqudgha
Ru

Shops:
D:5 !


Message History

The steam dragon claws you but does no damage.
Throw: 2 darts (poison)
Press: ? - help, Q - select action, (/) - cycle Shift-Dir - straight line, f - steam dragon
Aim: a steam dragon (severely wounded, 63% to hit)
You throw a poisoned dart.
The poisoned dart hits the steam dragon.
The steam dragon is poisoned.
The steam dragon is severely wounded.
The steam dragon bites you!
* * * LOW HITPOINT WARNING * * *
The steam dragon barely misses you.
You feel much better. The steam dragon closely misses you.
The steam dragon barely misses you.
Throw: dart (poison)
Press: ? - help, Q - select action, (/) - cycle Shift-Dir - straight line, f/p - steam dragon
Aim: a steam dragon (severely wounded, poisoned, 63% to hit)
You throw a poisoned dart.
The poisoned dart barely misses the steam dragon.
The steam dragon breathes steam at you. The ball of steam hits you.
You are engulfed in a cloud of scalding steam.
The steam dragon attacks as it pursues you!
The steam dragon bites you. The steam dragon closely misses you.
You hit the steam dragon but do no damage.
The steam dragon is severely wounded.
The steam dragon looks more healthy.
The steam dragon barely misses you.
The steam dragon claws you but does no damage.
You barely miss the steam dragon.
The steam dragon is severely wounded.
The steam dragon bites you but does no damage.
The steam dragon claws you but does no damage.
Unknown command.
You hit the steam dragon but do no damage.
The steam dragon is severely wounded.
The steam dragon breathes steam at you. The ball of steam hits you!
* * * LOW HITPOINT WARNING * * *
The steam dragon breathes steam at you. The ball of steam hits you!!
You die...

####.#.#.#.#.#.######.....#......
.................>........)..####
####.#.#.#..#..#####.####.##..###
#.#.#.#..#..<.................
#.#.#.#..#........)....###....
#...#.#..#..####.#########...[
#####.#..#..# #.........'....
#.#..#..##############....
#.#..#..#@§...............
#.#..####§################
(.....(.D.# #######+### ### #..
#.. #.. ###


You could see a steam dragon (catching breath).

Vanquished Creatures
  A troll (D:6)
  Edmund (D:5)
  A sky beast (D:6)
  An ogre (D:5)
  A centaur (D:5)
  A scorpion (D:4)
  A howler monkey (D:4)
  2 gnoll boudas
  An orc priest (D:5)
  3 hounds
  A sleepcap (D:5)
  2 iguanas
  6 orc wizards
  13 gnolls
  14 adders
  2 white imps
  2 ufetubi (D:6)
  3 worms
  4 dart slugs
  19 orcs
  10 ball pythons
  10 endoplasms
  4 giant cockroaches (D:1)
  12 goblins
  11 hobgoblins
  12 jackals
  7 quokkas
  7 bats
  A frilled lizard (D:2)
  18 kobolds
  7 rats
178 creatures vanquished.

Vanquished Creatures (others)
  An orc wizard (D:4)
1 creature vanquished.

Grand Total: 179 creatures vanquished

Notes
Turn   | Place    | Note
-------+----------+-------------------------------------------
     0 | D:1      | mandarbmax the Human Gladiator began the quest for the Orb.
     0 | D:1      | Reached XP level 1. HP: 16/16 MP: 1/1
   148 | D:1      | Reached XP level 2. HP: 22/22 MP: 2/2
   260 | D:1      | Reached skill level 3 in Throwing
   328 | D:1      | Reached XP level 3. HP: 17/27 MP: 3/3
   725 | D:1      | Found a faded altar of an unknown god.
  1069 | D:2      | Reached XP level 4. HP: 33/33 MP: 4/4
  1108 | D:2      | Reached skill level 4 in Throwing
  1114 | D:2      | Reached skill level 1 in Armour
  1507 | D:2      | Reached XP level 5. HP: 38/38 MP: 5/5
  2878 | D:3      | Reached XP level 6. HP: 46/46 MP: 6/6
  3188 | D:4      | Identified the +0 whip of Fate {antimagic, *Noise rN++
                  | Str+3 Int-5}
  3344 | D:4      | Reached skill level 5 in Throwing
  3467 | D:4      | Reached XP level 7. HP: 51/52 MP: 7/7
  3805 | D:4      | Found a sacrificial altar of Ru.
  3851 | D:4      | Reached skill level 6 in Throwing
  4256 | D:4      | Found a blossoming altar of Fedhas.
  4257 | D:4      | Found an ancient bone altar of Kikubaaqudgha.
  4526 | D:5      | Entered Level 5 of the Dungeon
  4562 | D:5      | Reached XP level 8. HP: 54/60 MP: 8/8
  4692 | D:5      | Reached skill level 7 in Throwing
  4720 | D:5      | Found Acwac's Distillery.
  4728 | D:5      | Bought a potion of heal wounds for 65 gold pieces
  4728 | D:5      | Bought a potion of invisibility for 104 gold pieces
  4728 | D:5      | Bought a potion of berserk rage for 65 gold pieces
  4728 | D:5      | Bought a potion of mutation for 104 gold pieces
  4757 | D:5      | Noticed Edmund
  4775 | D:5      | Killed Edmund
  5869 | D:6      | Noticed a troll
  6039 | D:6      | Killed a troll
  6040 | D:6      | Reached skill level 8 in Throwing
  6040 | D:6      | Reached skill level 5 in Armour
  6057 | D:6      | Reached XP level 9. HP: 65/65 MP: 9/9
  6153 | D:6      | Reached skill level 9 in Throwing
  6482 | D:6      | Killed from afar by a steam dragon

Illustrated notes

Levels and vault maps discovered:
D:1:      shiori_arrival_elements, layout_loops_cross,
          shapermc_ecumenical_altar_mp_ritualfount, minivault_4,
          amcnicky_mini_pool_small, minmay_ruptured
D:2:      layout_basic, minmay_misc_feat_nine_boxes
D:3:      minmay_bubble_buster, layout_basic, kennysheep_small_spiral,
          nicolae_twisty_statue_hallways
D:4:      minmay_polygon_palace, layout_basic,
          grunt_temple_overflow_growth_and_decay,
          nicolae_ru_great_annihilating_truth, hex_tiny, corexii_corridor_pit
D:5:      wad_lake_hut, layout_basic, serial_shops, nicolae_shop_waterfront,
          uniq_edmund
D:6:      lemuel_insect_pit, layout_basic

Skill      XL: |  1  2  3  4  5  6  7  8  9 |
---------------+----------------------------+-----
Throwing       | 3 4 5 6 8 9 |  9.0
Armour         | 1 2 3 5 |  5.0
Fighting       | 3 4 |  4.0
Staves         | |  3.0
Dodging        | |  3.0

Action                     |  1- 3 |  4- 6 |  7- 9 || total
---------------------------+-------+-------+-------++-------
  Melee: Quarterstaff      |    97 |   203 |   187 ||   487
  Throw: Boomerang         |       |    36 |    37 ||    73
         Dart              |       |    26 |    52 ||    78
         Javelin           |       |     1 |     4 ||     5
  Evoke: Wand              |       |       |     4 ||     4
    Use: Scroll            |       |       |     6 ||     6
         Potion            |       |       |     3 ||     3
   Stab: Invisible         |       |       |     2 ||     2
         Paralysed         |       |       |     1 ||     1
 Armour: Leather armour    |     5 |       |       ||     5
         Ring mail         |    48 |    96 |       ||   144
         Plate armour      |       |    46 |   220 ||   266
  Dodge: Dodged            |    67 |   145 |    89 ||   301

Table legend: (Time is in decaauts)
 A = Elapsed time spent in this place.
 B = Non-inter-level travel time spent in this place.
 C = Inter-level travel time spent in this place.
 D = Time resting spent in this place.
 E = Time spent auto-exploring this place.
 F = Levels seen in this place.
 G = Mean time per level.
                   A        B        C        D        E       F      G
               +--------+--------+--------+--------+--------+-----+--------+
         Total |   6592 |   6393 |    199 |    359 |   4689 |   6 | 1098.7 |
       Dungeon |   6592 |   6393 |    199 |    359 |   4689 |   6 | 1098.7 |
               +--------+--------+--------+--------+--------+-----+--------+

Top non-repeatable levels by time:
     D:4: 1615 daAuts
     D:5: 1314 daAuts
     D:3: 1061 daAuts
     D:2: 1021 daAuts
     D:1: 882 daAuts
     D:6: 696 daAuts
